 Dungeon Crawl Stone Soup version 0.29.1-14-g9c671dbff4 (webtiles) character file.

Game seed: 8189742300182371397

194437 javelincjr the Eclecticist (level 19, -8/139 HPs)
             Began as a Djinni Conjurer on Feb 18, 2023.
             Was the Champion of Qazlal.
             Killed by divine providence
             ... invoked by an orc priest
              (12 damage)
             ... on level 2 of the Orcish Mines on Feb 21, 2023.
             The game lasted 04:37:54 (30729 turns).

javelincjr the Eclecticist (Djinni Conjurer)       Turns: 30729, Time: 04:37:56

Health: -8/139     AC: 25    Str:  5    XL:     19   Next: 0%
Gold:   2775       EV: 11    Int: 41    God:    Qazlal [******] SH:  8 Dex: 15

rFire   + + +      SeeInvis .   l - +10 dagger "Uniatiat" {vorpal, Int+7}
rCold   . . .      Faith    .   j - orb {mayhem}
rNeg    . . .      Spirit   .   A - +6 ring mail of the Realm of Zot {Stlth+}
rPois   ∞          Reflect  .   p - +2 hat
rElec   .          Harm     .   c - +2 cloak
rCorr   .          Rampage  .   U - +2 pair of gloves
Will    +....                   (boots unavailable)
Stlth   +.........              a - amulet of regeneration
HPRegen 1.13/turn               g - +6 ring of intelligence
MPRegen 0.00/turn               u - ring of the Duchess {rPois rF+ rC+ Str-3 Int+5}

@: protected from physical damage, flying, repel missiles
A: sickness immunity, fire resistance 2, cold vulnerability 1, float, innate
caster, HP casting, extra vitality 1, antennae 1
}: 1/15 runes: decaying
a: Renounce Religion, Upheaval, Elemental Force, Disaster Area


You were on level 2 of the Orcish Mines.
You worshipped Qazlal.
Qazlal was exalted by your worship.
You visited 5 branches of the dungeon, and saw 27 of its levels.
You also visited: Sewer and Ice Cave.

You collected 2817 gold pieces.
You spent 42 gold pieces at shops.

Inventory:

Hand Weapons
 l - the +10 dagger "Uniatiat" (weapon) {vorpal, Int+7}
   (You found it on level 3 of the Swamp)

   It inflicts extra damage upon your enemies.
   Int:       It affects your intelligence (+7).
 t - the +4 hand axe of Juceurud {vorpal, Will+ Str+6 Stlth+}
   (You found it on level 14 of the Dungeon)

   It inflicts extra damage upon your enemies.
   Str:       It affects your strength (+6).
   Will:      It increases your willpower.
   Stlth:     It makes you more stealthy.
Missiles
 e - 2 boomerangs of dispersal
Armour
 b - the +0 pair of gloves of Lopnunol {rPois rCorr Str+4 Int-4}
   (You found it on level 15 of the Dungeon)

   Str:       It affects your strength (+4).
   Int:       It affects your intelligence (-4).
   rPois:     It protects you from poison.
   rCorr:     It protects you from acid and corrosion.
 c - a +2 cloak (worn)
 j - an orb of mayhem (worn)
 p - a +2 hat (worn)
 x - a +3 scale mail of cold resistance
 A - the +6 ring mail of the Realm of Zot (worn) {Stlth+}
   (You found it on level 1 of the Swamp)

   Stlth:     It makes you more stealthy.
 U - a +2 pair of gloves (worn)
Magical Staves
 R - a staff of conjuration
Jewellery
 a - an amulet of regeneration (around neck)
 d - a ring of wizardry
 g - a +6 ring of intelligence (left hand)
 k - a ring of protection from cold
 m - a ring of resist corrosion
 u - the ring of the Duchess (right hand) {rPois rF+ rC+ Str-3 Int+5}
   (You took it off a necromancer on level 5 of the Lair of Beasts)

   [ring of protection from fire]

   Str:       It affects your strength (-3).
   Int:       It affects your intelligence (+5).
   rF:        It protects you from fire.
   rC:        It protects you from cold.
   rPois:     It protects you from poison.
Wands
 r - a wand of flame (86)
 C - a wand of digging (5)
 F - a wand of iceblast (12)
 H - a wand of light (15)
 N - a wand of charming (47)
 P - a wand of polymorph (17)
Scrolls
 f - 6 scrolls of fear
 h - 5 scrolls of poison
 i - 13 scrolls of teleportation
 z - 5 scrolls of blinking
 G - a scroll of silence
 I - 4 scrolls of butterflies
 L - a scroll of summoning
 V - 3 scrolls of magic mapping
Potions
 n - 6 potions of might
 o - 5 potions of lignification
 q - 8 potions of cancellation
 s - 2 potions of resistance
 v - 6 potions of brilliance
 w - 3 potions of haste
 D - 4 potions of berserk rage
 E - 2 potions of invisibility
 K - 9 potions of ambrosia
 Q - 7 potions of curing
 W - 2 potions of mutation
 Y - a potion of heal wounds
Miscellaneous
 Z - a box of beasts


   Skills:
 * Level 13.8 Fighting
 + Level 3.1 Short Blades
 + Level 2.1 Axes
 + Level 10.0 Armour
 + Level 7.2 Dodging
 + Level 4.4 Stealth
 + Level 3.9 Shields
 + Level 18.1 Spellcasting
 * Level 10.2 Invocations


You had 3 spell levels left.
You knew the following spells:

 Your Spells              Type           Power      Damage    Failure   Level
a - Magic Dart            Conj           100%       1d8       0%          1
b - Searing Ray           Conj           100%       2d8       0%          2
c - Dazzling Flash        Conj/Hex       100%       N/A       0%          3
d - Fulminant Prism       Conj/Hex       55%        3d25      0%          4
e - Iskenderun's Mystic   Conj/Tloc      100%       2d19      0%          4
f - Summon Small Mammal   Summ           100%       N/A       0%          1
g - Blink                 Tloc           100%       N/A       0%          2
h - Stone Arrow           Conj/Erth      100%       3d13      0%          3
i - Tukima's Dance        Hex            100%       N/A       0%          3
j - Summon Lightning Spi  Summ/Air       100%       N/A       0%          4
k - Lightning Bolt        Conj/Air       55%        1d77      1%          5
l - Simulacrum            Ice/Necr       55%        N/A       1%          6
m - Monstrous Menagerie   Summ           55%        N/A       1%          7
n - Death Channel         Necr           55%        N/A       1%          6
Your spell library was empty.

Dungeon Overview and Level Annotations

Branches:
Dungeon (15/15)            Temple (1/1) D:5            Lair (5/5) D:9
  Swamp (4/4) Lair:2        Snake (0/4) Lair:3        Slime (0/5) Lair:5
    Orc (2/2) D:11         Vaults (0/5) D:14         Depths (0/4) D:15
  Sewer (visited)           IceCv (visited)
    Elf: Orc:2

Altars:
Ashenzari
Cheibriados
Dithmenos
Elyvilon
Fedhas
Gozag
Hepliaklqana
Makhleb
Nemelex Xobeh
Okawaru
Qazlal
Ru
Trog
Uskayaw
Wu Jian
Xom
Yredelemnul
Zin
The Shining One
Jiyva

Shops:
D:3 ?   D:8 ?   D:11 :   D:15 [

Portals:
Abyss: D:13
Trove: D:10 (give 7 potions of haste)

Annotations:
Swamp:2 2 transporters, exclusion: orange crystal statue


Innate Abilities, Weirdness & Mutations

You are immune to sickness and miasma.
You are immune to poison.
Your flesh is very heat resistant. (rF++)
You are vulnerable to cold. (rC-)
You float through the air rather than walking.
You learn spells naturally, not from books.
Your magical power is your life essence.
You have superior vitality. (+4 MHP)
You have a pair of small antennae on your head.


Message History

Your orc wizard simulacrum hits the ettin but does no damage.
Your orc wizard simulacrum hits something.
Your orc wizard simulacrum freezes something.
Your orc simulacrum hits the ettin but does no damage.
The orc wizard hits the orc priest with a +0 dagger.
Your orc simulacrum is engulfed in blazing flames.
Your orc simulacrum vaporises!
Casting: Iskenderun's Mystic Blast (safe; 0% risk of failure)
Confirm with . or Enter, or press ? or * to list all spells.
Aiming: Lightning Bolt (safe; 1% risk of failure)
Press: ? - help, Shift-Dir - straight line, p - orc wizard You hear a mighty clap of thunder!
The bolt of lightning misses the orc wizard.
The bolt of lightning hits the orc!!
You kill the orc!
Qazlal accepts your kill.
The orc warrior flies into a frenzy!
A freezing mist starts to gather...
The bolt of lightning hits the orc priest!!
You kill the orc priest!
Qazlal accepts your kill.
A freezing mist starts to gather...
The bolt of lightning hits the orc priest!!!
You kill the orc priest!
Qazlal accepts your kill.
The orc priest flies into a frenzy!
A freezing mist starts to gather... x6
You hear a shout!
The orc priest hits the orc wizard with a +0 club.
The orc warrior hits your orc warrior simulacrum with a +1 long sword of protection!!
Your orc warrior simulacrum vaporises!
The orc wizard closely misses your orc wizard simulacrum.
The ettin hits you with a +0 dire flail!
* * * LOW HITPOINT WARNING * * *
The ettin hits you with a +3 dire flail!!
* * * LOW HITPOINT WARNING * * *
Qazlal accepts your kill.
You feel a bit more experienced.
The orc sorcerer casts a spell.
The orc priest calls down the wrath of Beogh upon you.
Beogh smites you!
You die...

### # #
##.###Z#..
#.Z○§Z.oo.
#.##.##@☼oZZ.o)
......)CZ○ZZ.☼)
..#...)ZZ{).Zo.
##...).).#)#o
##....Z)o#44
####..○)o#.
##..).. ...).
...).


You could see an orc knight, an ettin (ally target, simulacrum), 2 chaos spawn,
an orc sorcerer, an orc priest, an orc wizard (simulacrum), an orc, a neutral
orc warrior (fast, strong, insane, unaware, simulacrum), a neutral orc priest
(fast, strong, insane, distracted), a neutral orc wizard (fast, strong, insane,
distracted, simulacrum), 6 friendly orc simulacra, a friendly orc warrior
simulacrum, 2 friendly orc priest simulacra and 3 friendly orc wizard simulacra.

Vanquished Creatures
  Roxanne (Swamp:4)
  A fenstrider witch (Swamp:4)
  A very ugly thing (D:15)
  2 dire elephants (Lair:5)
  3 eleionomae
  A fire dragon (D:12)
  A vault guard (D:14)
  5 hydras
  A rakshasa (D:15)
  2 boulder beetles (D:13)
  An ogre mage (D:15)
  Erolcha (D:9)
  Erica (D:11)
  A catoblepas (D:12)
  A radroach (shapeshifter) (D:15)
  3 two-headed ogres (D:15)
  A centaur warrior (D:12)
  The ghost of Lysca the Martial Artist, a novice MfTm of Wu Jian (D:9)
  3 alligators
  2 tengu warriors
  A hell hog (D:13)
  A thrashing horror (D:13)
  Amaemon (D:9)
  A spectral death yak (Lair:5)
  A spectral anaconda (Lair:5)
  2 spriggan riders (Swamp:4)
  4 skeletal warriors (D:13)
  A goliath frog (Swamp:1)
  A swamp dragon (Swamp:4)
  3 spriggan druids
  An obsidian statue (Lair:5)
  A bog body (IceCv)
  3 wizards (D:14)
  7 necromancers
  2 orc sorcerers
  11 ugly things
  A worldbinder (D:13)
  7 cyclopes
  2 manticores
  A will-o-the-wisp (Swamp:3)
  5 elephants
  6 black mambas
  2 ice statues (IceCv)
  3 unseen horrors (D:12)
  A rime drake (Lair:5)
  Maggie (D:8)
  A kobold demonologist (D:9)
  An orange demon (D:9)
  7 cane toads
  2 gargoyles (D:12)
  A yaktaur (D:15)
  A tengu conjurer (D:14)
  3 komodo dragons
  3 ice devils (IceCv)
  2 anaconda simulacra (IceCv)
  A bloated husk (Swamp:1)
  4 tyrant leeches
  3 trolls
  2 meliai (D:12)
  Prince Ribbit (D:9)
  7 slime creatures
  4 hornets
  6 blink frogs
  A queen bee (D:12)
  A wind drake (shapeshifter) (D:15)
  A spectral elephant (Lair:5)
  A vampire (D:13)
  3 shadows
  4 dire elephant simulacra
  5 wraiths
  2 spriggans
  A wyvern (D:10)
  14 humans (D:14)
  A water elemental (D:15)
  A dancing weapon (D:8)
  7 yaks
  3 basilisks
  A redback (shapeshifter) (D:15)
  A large abomination (D:13)
  4 vampire mosquitoes
  2 harpy simulacra (IceCv)
  3 swamp worms
  2 acid dragons
  3 water moccasins
  2 hydra simulacra (IceCv)
  2 swamp drakes
  A sky beast (D:8)
  6 orc warriors
  A sky beast (shapeshifter) (D:12)
  A black bear (Lair:2)
  An ogre (D:5)
  4 elephant zombies (Lair:5)
  8 centaurs
  An elephant skeleton (Lair:5)
  A phantom (D:6)
  2 kobold brigands
  8 bullfrogs
  4 necrophages
  2 gnoll sergeants
  5 scorpions
  2 two-headed ogre simulacra (IceCv)
  9 wights
  A troll zombie (D:11)
  2 elephant simulacra
  17 killer bees
  2 electric eels
  9 howler monkeys
  A jelly (D:4)
  6 hounds
  9 orc priests
  2 gnoll boudas
  Natasha (thrice) (D:3)
  An iguana (D:7)
  13 orc wizards
  7 ogre zombies (D:11)
  27 gnolls
  12 adders
  A naga simulacrum (IceCv)
  8 river rats
  13 white imps
  2 ufetubi
  2 worms
  2 dart slugs
  50 orcs
  3 endoplasms
  A giant cockroach (D:3)
  9 goblins
  6 hobgoblins
  23 jackals
  24 kobolds
  4 quokkas
  12 ball pythons
  A bat (D:2)
  5 frilled lizards
  2 goblin zombies (D:11)
  A hobgoblin zombie (D:11)
  12 orc zombies (D:11)
  11 rats
  A butterfly (Swamp:1)
  4 toadstools (D:13)
582 creatures vanquished.

Vanquished Creatures (collateral kills)
  the Lernaean hydra (Swamp:4)
  A thorn hunter (Swamp:2)
  The ghost of Onoma the Severer, a journeyman MiBe of Trog (D:13)
  A fenstrider witch (Swamp:3)
  4 slime creatures
  4 eleionomae
  8 bunyips
  Snorg (Orc:1)
  A shambling mangrove (Swamp:2)
  A great orb of eyes (D:15)
  A rakshasa (D:13)
  7 hydras
  A spriggan air mage (Swamp:3)
  An ogre mage (D:15)
  2 ghost crabs
  2 alligators
  7 two-headed ogres
  A centaur warrior (D:12)
  7 death yaks
  2 spectral dire elephants (Lair:5)
  A spectral death yak (Lair:5)
  2 goliath frogs
  11 swamp dragons
  2 spriggan druids
  2 spriggan riders
  4 bog bodies
  5 ugly things
  2 will-o-the-wisps
  2 orc sorcerers
  2 cyclopes
  An oklob plant (Swamp:3)
  2 manticores
  12 elephants
  A manticore (shapeshifter) (D:12)
  A black mamba (Lair:5)
  2 cane toads
  2 rime drakes (Lair:4)
  2 yaktaurs (D:15)
  A komodo dragon (Lair:4)
  3 ice devils (IceCv)
  A bloated husk (Swamp:2)
  10 hornets
  5 tyrant leeches
  3 dancing weapons (D:15)
  3 blink frogs
  9 spriggans
  A basilisk (Lair:4)
  A dire elephant simulacrum (IceCv)
  15 yaks
  4 humans (D:14)
  A wraith (D:12)
  7 vampire mosquitoes
  A death yak simulacrum (Lair:5)
  10 swamp worms
  A large abomination (D:13)
  7 water moccasins
  10 swamp drakes
  3 orc warriors (Orc:1)
  An elephant zombie (Lair:5)
  An ogre (D:15)
  7 centaurs
  A phantom (D:11)
  2 elephant skeletons (Lair:5)
  7 bullfrogs
  A necrophage (D:8)
  14 killer bees
  An electric eel (Lair:2)
  3 orc priests
  A gnoll bouda (Orc:2)
  A jelly (Lair:5)
  4 orc wizards
  An adder (Sewer)
  8 gnolls
  2 white imps (Lair:5)
  11 orcs
  A hobgoblin (D:2)
  2 jackals (D:5)
  A kobold (Sewer)
  A goblin skeleton (D:11)
  2 goblin zombies (D:11)
  3 hobgoblin zombies (D:11)
  4 orc zombies (D:11)
  4 rats (Sewer)
  3 fulminant prisms
293 creatures vanquished.

Vanquished Creatures (others)
  An alligator (Swamp:2)
  An elephant (Lair:5)
  2 ugly things (D:15)
  2 bloated husks
  An ice devil (IceCv)
  A meliai (D:12)
  A dancing weapon (D:12)
  A slime creature (D:12)
  A wraith (D:12)
  A human (D:14)
  2 ogres
  2 centaurs
  An orc priest (Orc:1)
  2 gnolls (D:5)
  An ufetubus (D:5)
  4 orcs
  A hobgoblin (D:2)
  A kobold (D:8)
  11 foxfires
  147 fulminant prisms
  33 fungi
  46 plants
  A toadstool (D:13)
  26 withered plants (Lair:5)
290 creatures vanquished.

Grand Total: 1165 creatures vanquished

Notes
Turn   | Place    | Note
-------+----------+-------------------------------------------
     0 | D:1      | javelincjr the Djinni Conjurer began the quest for the Orb.
     0 | D:1      | javelincjr set off with the following spells memorised:
                  | Magic Dart, Searing Ray, Dazzling Flash, Fulminant Prism,
                  | Iskenderun's Mystic Blast.
     0 | D:1      | Reached XP level 1. HP: 15/15 MP: 0/0
   460 | D:1      | Reached XP level 2. HP: 20/21 MP: 0/0
  1230 | D:2      | Reached XP level 3. HP: 22/25 MP: 0/0
  1230 | D:2      | Learned a level 1 spell: Summon Small Mammal
  1660 | D:2      | Reached skill level 4 in Spellcasting
  1660 | D:2      | Reached XP level 4. HP: 25/31 MP: 0/0
  1943 | D:3      | Noticed Natasha
  1950 | D:3      | Killed Natasha
  2217 | D:3      | Found Poafref's Magic Scroll Boutique.
  2225 | D:3      | Bought a scroll of teleportation for 42 gold pieces
  2458 | D:3      | Found a shadowy altar of Dithmenos.
  2511 | D:3      | Reached XP level 5. HP: 33/36 MP: 0/0
  2511 | D:3      | Learned a level 2 spell: Blink
  2946 | D:3      | Noticed Natasha
  2950 | D:3      | Killed Natasha
  3178 | D:3      | Noticed Natasha
  3182 | D:3      | Killed Natasha
  3183 | D:3      | Reached skill level 1 in Fighting
  3636 | D:4      | Reached XP level 6. HP: 39/42 MP: 0/0
  4228 | D:5      | Entered Level 5 of the Dungeon
  4234 | D:5      | Gained mutation: You occasionally lose the ability to read
                  | scrolls when taking damage. [potion of mutation]
  4473 | D:5      | Reached skill level 5 in Spellcasting
  4523 | D:5      | Found a glowing drain.
  4634 | Sewer    | Entered a sewer
  5090 | Sewer    | Reached XP level 7. HP: 43/48 MP: 0/0
  5090 | Sewer    | Learned a level 3 spell: Stone Arrow
  5378 | Sewer    | Reached skill level 1 in Short Blades
  5863 | D:5      | HP: 2/49 [gnoll sergeant/+0 spear (3)]
  6626 | D:5      | Found a basalt altar of Yredelemnul.
  6646 | D:5      | Found a staircase to the Ecumenical Temple.
  6655 | Temple   | Entered the Ecumenical Temple
  6897 | D:5      | Reached skill level 1 in Armour
  7454 | D:5      | Reached XP level 8. HP: 48/55 MP: 0/0
  7819 | Temple   | Became a worshipper of Qazlal Stormbringer
  8487 | D:5      | Reached skill level 6 in Spellcasting
  9240 | D:6      | Reached XP level 9. HP: 55/62 MP: 0/0
  9240 | D:6      | Learned a level 3 spell: Tukima's Dance
  9904 | D:6      | Reached * piety under Qazlal
  9905 | D:6      | Reached skill level 7 in Spellcasting
 10113 | D:6      | Reached skill level 5 in Armour
 10710 | D:6      | Reached skill level 5 in Fighting
 11151 | D:7      | Reached XP level 10. HP: 54/70 MP: 0/0
 11306 | D:7      | Found an iron altar of Okawaru.
 11849 | D:8      | Found a glowing golden altar of the Shining One.
 12069 | D:8      | Lost mutation: You occasionally lose the ability to read
                  | scrolls when taking damage. [potion of mutation]
 12069 | D:8      | Gained mutation: Your body sometimes deteriorates upon
                  | taking damage. [potion of mutation]
 12069 | D:8      | Gained mutation: You are dopey. (Int -2) [potion of
                  | mutation]
 12099 | D:8      | Reached skill level 8 in Spellcasting
 12109 | D:8      | Reached ** piety under Qazlal
 12386 | D:8      | Lost mutation: You are dopey. (Int -2) [potion of mutation]
 12386 | D:8      | Lost mutation: Your body sometimes deteriorates upon taking
                  | damage. [potion of mutation]
 12386 | D:8      | Gained mutation: You have very sharp teeth. [potion of
                  | mutation]
 12461 | D:8      | Noticed Maggie
 12468 | D:8      | Killed Maggie
 12738 | D:8      | Found a broken altar of Ashenzari.
 12772 | D:8      | Found Oseepn's Magic Scroll Boutique.
 12774 | D:8      | Noticed a manticore
 12777 | D:8      | Killed a manticore
 13519 | D:9      | Found a hide-covered altar of Uskayaw.
 13521 | D:9      | Noticed Amaemon
 13522 | D:9      | Noticed Erolcha
 13522 | D:9      | Noticed an orange demon
 13529 | D:9      | Killed Erolcha
 13529 | D:9      | Killed an orange demon
 13530 | D:9      | Reached skill level 9 in Spellcasting
 13530 | D:9      | Reached XP level 11. HP: 74/78 MP: 0/0
 13530 | D:9      | Learned a level 4 spell: Summon Lightning Spire
 13533 | D:9      | Killed Amaemon
 13577 | D:9      | Noticed a manticore
 13585 | D:9      | Killed a manticore
 13692 | D:9      | Found a staircase to the Lair.
 13993 | D:9      | Noticed Prince Ribbit
 13995 | D:9      | Found a hazy altar of Hepliaklqana.
 14003 | D:9      | Killed Prince Ribbit
 14092 | D:9      | Found a runed translucent door.
 14109 | D:9      | Noticed Lysca's ghost (novice MfTm)
 14201 | D:9      | Killed Lysca's ghost
 14202 | D:9      | Reached skill level 10 in Spellcasting
 14267 | D:10     | Entered Level 10 of the Dungeon
 14384 | D:10     | Reached skill level 1 in Shields
 14460 | D:10     | Reached *** piety under Qazlal
 14779 | D:10     | Found a portal to a secret trove of treasure.
 15013 | D:11     | Noticed Erica
 15025 | D:11     | Killed Erica
 15043 | D:11     | Noticed an orc sorcerer
 15046 | D:11     | Killed an orc sorcerer
 15047 | D:11     | Reached XP level 12. HP: 85/86 MP: 0/0
 15071 | D:11     | Reached **** piety under Qazlal
 15123 | D:11     | Found a staircase to the Orcish Mines.
 15248 | D:11     | Found Husoud's Book Shop.
 15357 | D:11     | Reached skill level 11 in Spellcasting
 15634 | D:12     | Noticed a two-headed ogre
 15644 | D:12     | Killed a two-headed ogre
 15645 | D:12     | Reached skill level 5 in Dodging
 15683 | D:12     | Reached ***** piety under Qazlal
 15738 | D:12     | Noticed a five-headed hydra
 15745 | D:12     | Killed a five-headed hydra
 15746 | D:12     | Reached skill level 12 in Spellcasting
 15786 | D:12     | Noticed a centaur warrior
 15792 | D:12     | Killed a centaur warrior
 15840 | D:12     | Noticed a two-headed ogre
 15844 | D:12     | Killed a two-headed ogre
 15850 | D:12     | Noticed a centaur warrior
 15851 | D:12     | Noticed a fire dragon
 15854 | D:12     | Killed a centaur warrior
 15855 | D:12     | Reached XP level 13. HP: 81/94 MP: 0/0
 15855 | D:12     | Learned a level 5 spell: Lightning Bolt
 15859 | D:12     | Killed a fire dragon
 15887 | D:12     | Noticed a catoblepas
 15895 | D:12     | Reached skill level 1 in Invocations
 15896 | D:12     | Killed a catoblepas
 16270 | D:12     | Reached skill level 13 in Spellcasting
 16722 | D:13     | Noticed a boulder beetle
 16729 | D:13     | Killed a boulder beetle
 16749 | D:13     | Noticed a boulder beetle
 16768 | D:13     | Killed a boulder beetle
 16995 | D:13     | Found a transporter.
 17010 | D:13     | Found a transporter.
 17188 | D:13     | Noticed a rakshasa
 17208 | D:13     | Found a one-way gate to the infinite horrors of the Abyss.
 17289 | D:13     | Noticed Onoma's ghost (journeyman MiBe)
 17385 | D:14     | Reached XP level 14. HP: 71/102 MP: 0/0
 17392 | D:14     | Reached skill level 10 in Fighting
 17657 | D:14     | Reached skill level 14 in Spellcasting
 17753 | D:14     | Found a gate to the Vaults.
 17915 | D:14     | Found an ornate altar of the Wu Jian Council.
 17937 | D:14     | Identified the +4 hand axe of Juceurud {vorpal, Will+ Str+6
                  | Stlth+}
 18290 | D:15     | Entered Level 15 of the Dungeon
 18350 | D:15     | Reached skill level 5 in Invocations
 18363 | D:15     | Reached ****** piety under Qazlal
 18391 | D:15     | Identified the +0 pair of gloves of Lopnunol {rPois rCorr
                  | Str+4 Int-4}
 18438 | D:15     | Noticed a brown very ugly thing
 18447 | D:15     | Killed a red very ugly thing
 18518 | D:15     | Found a staircase to the Depths.
 18711 | D:15     | Found Winenoph's Armour Shop.
 18747 | D:15     | Reached XP level 15. HP: 39/109 MP: 0/0
 18747 | D:15     | Learned a level 6 spell: Simulacrum
 18773 | D:15     | Reached skill level 15 in Spellcasting
 19081 | D:15     | Identified the +5 spear of the Pure Songs {vamp, rElec
                  | rPois}
 19817 | Lair:1   | Entered Level 1 of the Lair of Beasts
 20046 | Lair:1   | Lost mutation: You have very sharp teeth. [potion of
                  | mutation]
 20046 | Lair:1   | Gained mutation: Armour fits poorly on your strangely
                  | shaped body. [potion of mutation]
 20046 | Lair:1   | Gained mutation: You are occasionally teleported next to
                  | monsters. [potion of mutation]
 20046 | Lair:1   | Gained mutation: You are clumsy. (Dex -2) [potion of
                  | mutation]
 21442 | Lair:2   | Found a staircase to the Swamp.
 22489 | Lair:3   | Found a staircase to the Snake Pit.
 22596 | Lair:3   | You are sucked into a shaft and drop 2 floors!
 22596 | Lair:5   | Entered Level 5 of the Lair of Beasts
 22596 | Lair:5   | Found a frozen archway.
 22608 | IceCv    | Entered an ice cave
 23919 | Lair:5   | Found a viscous altar of Jiyva.
 23919 | Lair:5   | Found a staircase to the Slime Pits.
 23977 | Lair:5   | Reached XP level 16. HP: 106/118 MP: 0/0
 24017 | Lair:4   | Reached skill level 16 in Spellcasting
 24374 | Lair:4   | Lost mutation: You are clumsy. (Dex -2) [potion of
                  | mutation]
 24374 | Lair:4   | Lost mutation: You are occasionally teleported next to
                  | monsters. [potion of mutation]
 24374 | Lair:4   | Lost mutation: Armour fits poorly on your strangely shaped
                  | body. [potion of mutation]
 24374 | Lair:4   | Gained mutation: You have a pair of small antennae on your
                  | head. [potion of mutation]
 25427 | Lair:5   | Reached skill level 1 in Axes
 25654 | Lair:5   | Identified the ring of the Duchess {rPois rF+ rC+ Str-3
                  | Int+5}
 26288 | Swamp:1  | Entered Level 1 of the Swamp
 26307 | Swamp:1  | Identified the +6 ring mail of the Realm of Zot {Stlth+}
 26574 | Swamp:1  | Reached XP level 17. HP: 125/125 MP: 0/0
 26574 | Swamp:1  | Learned a level 7 spell: Monstrous Menagerie
 26974 | Swamp:2  | Noticed a thorn hunter
 26978 | Swamp:2  | Noticed a tentacled monstrosity
 26978 | Swamp:2  | Noticed a thorn hunter
 26982 | Swamp:2  | Killed a thorn hunter
 27076 | Swamp:2  | Reached skill level 17 in Spellcasting
 27076 | Swamp:2  | Reached XP level 18. HP: 104/131 MP: 0/0
 27106 | Swamp:2  | Identified the ring of Tension {rElec rPois rN+ Dex+2 SInv}
 27107 | Swamp:2  | Found a transporter.
 27176 | Swamp:2  | Found a transporter.
 28075 | Swamp:3  | Identified the +10 dagger "Uniatiat" {vorpal, Int+7}
 28391 | Swamp:4  | Entered Level 4 of the Swamp
 28391 | Swamp:4  | Noticed Roxanne
 28582 | Swamp:4  | Killed Roxanne
 29010 | Swamp:4  | Noticed the 27-headed Lernaean hydra
 29018 | Swamp:4  | Reached skill level 10 in Invocations
 29019 | Swamp:4  | Killed the 27-headed Lernaean hydra
 29020 | Swamp:4  | Reached skill level 10 in Armour
 29155 | Swamp:4  | Got a decaying rune of Zot
 30176 | D:13     | Reached skill level 18 in Spellcasting
 30177 | D:13     | Killed Onoma's ghost
 30360 | Orc:1    | Entered Level 1 of the Orcish Mines
 30364 | Orc:1    | Noticed Snorg
 30374 | Orc:1    | Killed Snorg
 30696 | Orc:2    | Entered Level 2 of the Orcish Mines
 30728 | Orc:2    | Reached XP level 19. HP: 21/139 MP: 0/0
 30728 | Orc:2    | Learned a level 6 spell: Death Channel
 30729 | Orc:2    | HP: 4/139 [ettin/+0 dire flail (30)]
 30729 | Orc:2    | Killed from afar by an orc priest

Illustrated notes

Levels and vault maps discovered:
D:1:      lordsloth_arrival_two_stooges, layout_loops_ring, grunt_decor_clamped
D:2:      layout_rooms, minmay_goblin_outpost
D:3:      layout_basic, nicolae_dithmenos_through_a_glass_darkly, serial_shops,
          nicolae_lakefront_shop, uniq_natasha
D:4:      layout_basic
D:5:      lemuel_castle_with_subvaults [lemuel_castle_interior_carwin_1],
          layout_layer_cave, lemuel_round_altar, minmay_temple_entry_arrows,
          gup_sewer_entry_bubbles, guppyfry_early_orc_mine
D:6:      layout_loops_ring, marbit_many_paths, hex_large,
          kennysheep_crisscross, dreamdust_gnoll_farm
D:7:      layout_basic, okawaru_gym_becter, minivault_1
D:8:      layout_loops_ring, lemuel_round_altar, kennysheep_mini,
          cheibrodos_ashenzari_chains, serial_shops,
          nicolae_shop_hallway_stairs, nrook_loot_triangle,
          minmay_joined_circles, uniq_maggie
D:9:      layout_roguey, nicolae_uskayaw_dance_hall,
          nicolae_hepliaklqana_hazy_memory, lair_entry_dummy,
          ebering_ghost_reflecting_pool, minmay_misc_feat_secret_circle,
          dreamdust_wishing_well, minivault_25, minivault_20,
          uniq_prince_ribbit1, uniq_amaemon, uniq_erolcha
D:10:     layout_roguey, nicolae_trove_entry_columns, dk_noncrumbling_3,
          chequers_serial_rivers_small_3
D:11:     layout_long_grid, zombieorc2_lemuel, serial_shops, shop, uniq_erica
D:12:     hangedman_cross_cluster, layout_loops_ring, special_room
          [special_room_bee]
D:13:     layout_loops_ring, gammafunk_ghost_abyssal_escape,
          minmay_gold_behind_fungi
D:14:     layout_roguey, grunt_vaults_entry_tiered, nicolae_wu_jian_wuxing_cycle
D:15:     gammafunk_enter_depths_forms, layout_layer_cave, serial_shops, shop,
          hangedman_decor_riveting, minmay_crystal_room, fountainhead
Temple:   nicolae_temple_figure_eight
Lair:1:   layout_layer_cave, patterned_corridor
Lair:2:   layout_layer_cave, nicolae_swamp_entry_splash_gauntlet
Lair:3:   layout_long_grid, dummy_snake_entry, guppyfry_lair_drakes,
          serial_bayou_shore_b, infiniplex_staircase_pool
Lair:4:   layout_regular_city
Lair:5:   due_jungle_book, layout_loops_ring, minmay_slime_entry_pillars,
          portal_ice_cave_entry_imps, grunt_megastairs_4, serial_bayou_shore_b
Swamp:1:  layout_falls_marsh, evilmike_swamp_ruin_house_3,
          nicolae_swamp_frolicking_bunyips
Swamp:2:  gammafunk_sealed_arena, layout_basic_swamp, hangedman_swamp_pad,
          swamp_pool5
Swamp:3:  layout_falls_marsh, hangedman_swamp_ruin_wall, swamp_pool1,
          nicolae_swamp_oklob_treasure_island
Swamp:4:  swamp_old_school, layout_basic_swamp, swamp_pool3,
          nicolae_swamp_some_circles, uniq_roxanne
Orc:1:    layout_caves, uniq_snorg
Orc:2:    st_orc_mages, layout_caves

Skill      XL: |  1  2  3  4  5  6  7  8  9 10 11 12 13 14 15 16 17 18 |
---------------+-------------------------------------------------------+-----
Stealth        | 2 3 4 |  4.4
Spellcasting   | 4 5 6 7 9 10 12 13 14 15 16 17 18 | 18.1
Fighting       | 1 2 3 5 6 7 9 10 11 12 13 | 13.8
Dodging        | 3 4 5 6 7 |  7.2
Short Blades   | 1 2 3 |  3.1
Armour         | 1 4 5 7 8 9 10 | 10.0
Shields        | 1 2 3 |  3.9
Invocations    | 3 5 7 8 9 10 | 10.2
Axes           | 2 |  2.1

Action                   |  1- 3 |  4- 6 |  7- 9 | 10-12 | 13-15 | 16-18 | 19-21 || total
-------------------------+-------+-------+-------+-------+-------+-------+-------++-------
Melee: Short sword       |     6 |    35 |     9 |    46 |    27 |       |       ||   123
       Bite              |       |       |       |     8 |     3 |       |       ||    11
       Hand axe          |       |       |       |       |    32 |    17 |       ||    49
       Dagger            |       |       |       |       |     2 |    15 |       ||    17
 Cast: Magic Dart        |    47 |   106 |   217 |    87 |    28 |       |       ||   485
       Searing Ray       |     3 |    14 |    34 |     5 |       |     1 |       ||    57
       Fulminant Prism   |       |     1 |    10 |    65 |    60 |    14 |       ||   150
       Iskenderun's Myst |       |       |    15 |    71 |   103 |    31 |       ||   220
       Tukima's Dance    |       |       |     1 |    22 |    14 |       |       ||    37
       Summon Lightning  |       |       |       |     4 |    22 |    48 |       ||    74
       Stone Arrow       |       |       |       |     3 |    16 |    10 |       ||    29
       Lightning Bolt    |       |       |       |       |    77 |    77 |     1 ||   155
       Summon Small Mamm |       |       |       |       |     1 |       |       ||     1
       Simulacrum        |       |       |       |       |    58 |   168 |       ||   226
       Monstrous Menager |       |       |       |       |       |     5 |       ||     5
       Blink             |       |       |       |       |       |     1 |       ||     1
Invok: Upheaval          |       |       |       |       |     2 |       |       ||     2
Evoke: Wand              |       |       |       |       |       |     1 |       ||     1
  Use: Potion            |     2 |     1 |     2 |     2 |     1 |     4 |     1 ||    13
       Scroll            |       |    12 |     1 |     4 |     7 |     6 |       ||    30
 Stab: Distracted        |     1 |       |       |       |       |     1 |       ||     2
       Sleeping          |       |     2 |       |       |       |       |       ||     2
Armor: Robe              |     8 |     8 |       |       |       |       |       ||    16
       Leather armour    |       |       |     3 |       |       |       |       ||     3
       Ring mail         |       |       |    36 |    37 |    52 |    64 |       ||   189
Dodge: Dodged            |    16 |    35 |    54 |    44 |    57 |    91 |       ||   297
       Repelled          |       |       |       |     1 |     1 |     3 |       ||     5
Block: Orb               |       |       |     3 |    13 |    35 |    54 |     1 ||   106
       Reflection        |       |       |       |     1 |       |       |       ||     1
